PA
EUGENE VANDALS @ ATHLETIC CLUB KC U-24
08/17/2050
 
TOP OF THE 1ST
Eugene Vandals batting - Pitching for Athletic Club KC U-24 : RHP Chih Hoong
Pitching: RHP Chih Hoong
Batting: LHB Jody Anderson 0-0: Ball
1-0: Called Strike
1-1: Ball
2-1: Called Strike
2-2: Ball
3-2: Base on Balls
Batting: RHB Harris Hunt 0-0: Swinging Strike
0-1: Fly out, F9 (Flyball, 89S, EV 90.0 MPH)
Batting: LHB Joaquín Díaz 0-0: Called Strike
0-1: Fly out, F8 (Flyball, 8LXD, EV 105.0 MPH)
Batting: SHB Tony Marino 0-0: Called Strike
0-1: Swinging Strike
0-2: Ball
1-2: Foul Ball, location: 2F
1-2: Ball
2-2: Foul Ball, location: 2F
2-2: Foul Ball, location: 2F
2-2: Strikes out swinging, 2-3 out at first.
Top of the 1st over - 0 runs, 0 hits, 0 errors, 1 left on base; Eugene 0 - Athletic Club KC 0
BOTTOM OF THE 1ST
Athletic Club KC U-24 batting - Pitching for Eugene Vandals : LHP Colm Drewitt
Pitching: LHP Colm Drewitt
Batting: RHB José Reyes 0-0: Ball
1-0: Ground out 4-3 (Groundball, 4, EV 87.5 MPH)
Batting: LHB Scott Powell 0-0: Ball
1-0: Ball
2-0: SINGLE (Line Drive, 7LS, EV 95.6 MPH)
Batting: RHB Jejomar Catiel 0-0: Ball
1-0: Foul Ball, location: 2F
1-1: Foul Ball, location: 2F
1-2: Ball
2-2: Fielders Choice at 2nd, 2-4 (Groundball, 2L, EV 73.8 MPH)
Batting: LHB Les Lumsden 0-0: Swinging Strike
0-1: Ball
1-1: Called Strike
1-2: Strikes out swinging
Bottom of the 1st over - 0 runs, 1 hit, 0 errors, 1 left on base; Eugene 0 - Athletic Club KC 0
TOP OF THE 2ND
Eugene Vandals batting - Pitching for Athletic Club KC U-24 : RHP Chih Hoong
Batting: RHB Bryan McLehose 0-0: Called Strike
0-1: Ground out 6-3 (Groundball, 6, EV 80.6 MPH)
Batting: RHB Arturo Medina 0-0: Ball
1-0: SINGLE (Flyball, 3D, EV 100.6 MPH)
Batting: RHB Armando Ramírez 0-0: Called Strike
0-1: Foul Ball, location: 2F
0-2: TRIPLE (Flyball, 9LD, EV 108.1 MPH)
Arturo Medina scores
Batting: SHB Christian Holt 0-0: Ball
1-0: Foul Ball, location: 2F
1-1: Called Strike
1-2: Strikes out swinging
Batting: RHB Jung-heum Kim 0-0: Ball
1-0: Ball
2-0: Foul Ball, location: 2F
2-1: Ball
3-1: Foul Ball, location: 2F
3-2: Foul Ball, location: 2F
3-2: Fly out, F8 (Flyball, 8RD, EV 96.9 MPH)
Top of the 2nd over - 1 run, 2 hits, 0 errors, 1 left on base; Eugene 1 - Athletic Club KC 0
BOTTOM OF THE 2ND
Athletic Club KC U-24 batting - Pitching for Eugene Vandals : LHP Colm Drewitt
Batting: RHB Ryan Conley 0-0: Ball
1-0: Called Strike
1-1: Foul Ball, location: 2F
1-2: Ground out 4-3 (Groundball, 34, EV 95.6 MPH)
Batting: RHB Tony Rivera 0-0: Foul Ball, location: 2F
0-1: Ball
1-1: Ball
2-1: Foul Ball, location: 2F
2-2: Foul Ball, location: 2F
2-2: Reached on error, E6 (Groundball, 6, EV 87.5 MPH)
Batting: RHB David Richardson 0-0: Ball
1-0: Called Strike
1-1: Ball
2-1: Foul Ball, location: 2F
2-2: Ball
3-2: Ground out 6-3 (Groundball, 6, EV 86.9 MPH)
Tony Rivera to third
Batting: RHB Seung-jun Yi 0-0: Called Strike
0-1: Foul Ball, location: 2F
0-2: Foul Ball, location: 2F
0-2: 2-RUN HOME RUN (Flyball, 7D, EV 100.0 MPH), Distance : 382 ft
Batting: RHB Pedro Gallegos 0-0: Ball
1-0: Swinging Strike
1-1: Foul Ball, location: 2F
1-2: Fly out, F8 (Line Drive, 8LM, EV 96.9 MPH)
Bottom of the 2nd over - 2 runs, 1 hit, 1 error, 0 left on base; Eugene 1 - Athletic Club KC 2
TOP OF THE 3RD
Eugene Vandals batting - Pitching for Athletic Club KC U-24 : RHP Chih Hoong
Batting: LHB Jody Anderson 0-0: Foul Ball, location: 2F
0-1: Ball
1-1: SINGLE (Groundball, 4MD, EV 105.6 MPH)
Batting: RHB Harris Hunt 0-0: Foul Ball, location: 2F
0-1: Fly out, F9 (Line Drive, 9, EV 98.1 MPH)
Batting: LHB Joaquín Díaz 0-0: Ball
1-0: Foul Ball, location: 2F
1-1: Ball
Jody Anderson is caught stealing 2nd base 2-6
2-1: Foul Ball, location: 2F
2-2: Foul Ball, location: 2F
2-2: Strikes out swinging
Top of the 3rd over - 0 runs, 1 hit, 0 errors, 0 left on base; Eugene 1 - Athletic Club KC 2
BOTTOM OF THE 3RD
Athletic Club KC U-24 batting - Pitching for Eugene Vandals : LHP Colm Drewitt
Batting: RHB José Reyes 0-0: Foul Ball, location: 2F
0-1: Ball
1-1: DOUBLE (Flyball, 89D, EV 96.2 MPH)
Batting: LHB Scott Powell 0-0: Fly out, F8 (Flyball, 78M, EV 92.5 MPH)
Batting: RHB Jejomar Catiel 0-0: Called Strike
0-1: Foul Ball, location: 2F
0-2: Ground out 3-1 (Groundball, 34, EV 85.6 MPH)
José Reyes to third
Batting: LHB Les Lumsden 0-0: Ball
1-0: Swinging Strike
1-1: Ball
2-1: Foul Ball, location: 2F
2-2: Ground out 4-3 (Groundball, 4D, EV 92.5 MPH)
Bottom of the 3rd over - 0 runs, 1 hit, 0 errors, 1 left on base; Eugene 1 - Athletic Club KC 2
TOP OF THE 4TH
Eugene Vandals batting - Pitching for Athletic Club KC U-24 : RHP Chih Hoong
Batting: SHB Tony Marino 0-0: Swinging Strike
0-1: Ball
1-1: Ball
2-1: Foul Ball, location: 2F
2-2: Foul Ball, location: 2F
2-2: Ball
3-2: SINGLE (Groundball, 4MD, EV 104.4 MPH)
Batting: RHB Bryan McLehose 0-0: Ball
1-0: SINGLE (Groundball, 15S, EV 69.4 MPH) (infield hit)
Tony Marino to second
Batting: RHB Arturo Medina 0-0: Swinging Strike
0-1: Ball
1-1: Ball
2-1: Swinging Strike
2-2: Ball
3-2: Foul Ball, location: 2F
3-2: Grounds into double play, 6-4-3 (Groundball, 56, EV 83.8 MPH)
Tony Marino to third
Batting: RHB Armando Ramírez 0-0: Ball
1-0: Ball
2-0: Ball
3-0: Called Strike
3-1: Called Strike
3-2: Fly out, F6 (Line Drive, 6, EV 76.2 MPH)
Top of the 4th over - 0 runs, 2 hits, 0 errors, 1 left on base; Eugene 1 - Athletic Club KC 2
BOTTOM OF THE 4TH
Athletic Club KC U-24 batting - Pitching for Eugene Vandals : LHP Colm Drewitt
Batting: RHB Ryan Conley 0-0: Called Strike
0-1: Foul Ball, location: 2F
0-2: Foul Ball, location: 2F
0-2: Foul Ball, location: 2F
0-2: Ball
1-2: Ball
2-2: Strikes out looking
Batting: RHB Tony Rivera 0-0: Ball
1-0: SOLO HOME RUN (Flyball, 7D, EV 96.9 MPH), Distance : 372 ft
Batting: RHB David Richardson 0-0: Ball
1-0: Ball
2-0: Ball
3-0: Called Strike
3-1: Base on Balls
Batting: RHB Seung-jun Yi 0-0: Foul Ball, location: 2F
0-1: Fly out, F9 (Flyball, 9LM, EV 81.9 MPH)
Batting: RHB Pedro Gallegos 0-0: Ball
1-0: Called Strike
1-1: Called Strike
1-2: Ground out 5-3 (Groundball, 56S, EV 85.6 MPH)
Bottom of the 4th over - 1 run, 1 hit, 0 errors, 1 left on base; Eugene 1 - Athletic Club KC 3
TOP OF THE 5TH
Eugene Vandals batting - Pitching for Athletic Club KC U-24 : RHP Chih Hoong
Batting: SHB Christian Holt 0-0: Ball
1-0: Swinging Strike
1-1: Foul Ball, location: 2F
1-2: Foul Ball, location: 2F
1-2: Foul Ball, location: 2F
1-2: Strikes out swinging
Batting: RHB Jung-heum Kim 0-0: Ball
1-0: Called Strike
1-1: Foul Ball, location: 2F
1-2: SINGLE (Groundball, 56D, EV 106.2 MPH)
Batting: LHB Jody Anderson 0-0: Swinging Strike
0-1: Called Strike
0-2: Strikes out looking
Batting: RHB Harris Hunt 0-0: Called Strike
0-1: Ball
1-1: 2-RUN HOME RUN (Flyball, 78XD, EV 101.2 MPH), Distance : 434 ft
Batting: LHB Joaquín Díaz 0-0: Ball
1-0: Ball
2-0: Ball
3-0: Called Strike
3-1: Base on Balls
Batting: SHB Tony Marino 0-0: Swinging Strike
0-1: Ball
1-1: Foul Ball, location: 2F
1-2: Ball
2-2: Foul Ball, location: 2F
2-2: Foul Ball, location: 2F
2-2: Strikes out swinging
Top of the 5th over - 2 runs, 2 hits, 0 errors, 1 left on base; Eugene 3 - Athletic Club KC 3
BOTTOM OF THE 5TH
Athletic Club KC U-24 batting - Pitching for Eugene Vandals : LHP Colm Drewitt
Batting: RHB José Reyes 0-0: Called Strike
0-1: Foul Ball, location: 2F
0-2: Ball
1-2: Ball
2-2: Foul Ball, location: 2F
2-2: Ball
3-2: Base on Balls
Batting: LHB Scott Powell 0-0: Called Strike
0-1: Foul Ball, location: 2F
0-2: Ball
1-2: Ball
2-2: Ball
3-2: Hit by Pitch
José Reyes to second
Pitching: RHP Brian Ricks
Batting: RHB Jejomar Catiel 0-0: Called Strike
0-1: DOUBLE (Flyball, 8RXD, EV 97.5 MPH)
José Reyes scores
Scott Powell to third
Batting: LHB Les Lumsden 0-0: Ball
1-0: Foul Ball, location: 2F
1-1: Swinging Strike
1-2: Ball
2-2: Foul Ball, location: 2F
2-2: Ball
3-2: DOUBLE (Flyball, 9LD, EV 105.6 MPH)
Scott Powell scores
Jejomar Catiel scores
Batting: RHB Ryan Conley 0-0: Ball
1-0: Called Strike
1-1: Foul Ball, location: 2F
1-2: Strikes out swinging
Batting: RHB Tony Rivera 0-0: Ball
1-0: Foul Ball, location: 2F
1-1: Ball
2-1: Ball
3-1: Swinging Strike
3-2: Fly out, F7 (Flyball, 7D, EV 78.8 MPH)
Runner from 2nd tags up, SAFE at 3rd, no throw by LF
Batting: RHB David Richardson 0-0: Swinging Strike
0-1: Ball
1-1: Ball
2-1: 2-RUN HOME RUN (Flyball, 78XD, EV 115.6 MPH), Distance : 436 ft
Batting: RHB Seung-jun Yi 0-0: Called Strike
0-1: Fly out, F9 (Flyball, 89S, EV 84.4 MPH)
Bottom of the 5th over - 5 runs, 3 hits, 0 errors, 0 left on base; Eugene 3 - Athletic Club KC 8
TOP OF THE 6TH
Eugene Vandals batting - Pitching for Athletic Club KC U-24 : RHP Chih Hoong
Pitching: RHP Harry Miller
Batting: RHB Bryan McLehose 0-0: Ball
1-0: Foul Ball, location: 2F
1-1: Foul Ball, location: 2F
1-2: Foul Ball, location: 2F
1-2: Fly out, F9 (Flyball, 89D, EV 97.5 MPH)
Batting: RHB Arturo Medina 0-0: Called Strike
0-1: Ground out 1-3 (Groundball, 13S, EV 65.0 MPH)
Batting: RHB Armando Ramírez 0-0: Called Strike
0-1: Swinging Strike
0-2: Ball
1-2: Ball
2-2: Ball
3-2: Strikes out looking
Top of the 6th over - 0 runs, 0 hits, 0 errors, 0 left on base; Eugene 3 - Athletic Club KC 8
BOTTOM OF THE 6TH
Athletic Club KC U-24 batting - Pitching for Eugene Vandals : RHP Brian Ricks
Batting: RHB Pedro Gallegos 0-0: Called Strike
0-1: Ground out 4-3 (Groundball, 4, EV 103.8 MPH)
Batting: RHB José Reyes 0-0: Called Strike
0-1: Ball
1-1: Foul Ball, location: 2F
1-2: Ground out 6-3 (Groundball, 6S, EV 82.5 MPH)
Batting: LHB Scott Powell 0-0: Foul Ball, location: 2F
0-1: Ball
1-1: Ball
2-1: Ball
3-1: Base on Balls
Batting: RHB Jejomar Catiel 0-0: Ball
1-0: Foul Ball, location: 2F
1-1: Called Strike
1-2: Foul Ball, location: 2F
1-2: Ball
2-2: Foul Ball, location: 2F
2-2: Strikes out swinging
Bottom of the 6th over - 0 runs, 0 hits, 0 errors, 1 left on base; Eugene 3 - Athletic Club KC 8
TOP OF THE 7TH
Eugene Vandals batting - Pitching for Athletic Club KC U-24 : RHP Harry Miller
Batting: SHB Christian Holt 0-0: Foul Ball, location: 2F
0-1: Ball
1-1: Foul Ball, location: 2F
1-2: Ground out 4-3 (Groundball, 4, EV 105.0 MPH)
Batting: RHB Jung-heum Kim 0-0: Foul Ball, location: 2F
0-1: Ball
1-1: Fly out, F9 (Flyball, 9LSF, EV 86.9 MPH)
Batting: LHB Jody Anderson 0-0: Fly out, F7 (Flyball, 7S, EV 72.5 MPH)
Top of the 7th over - 0 runs, 0 hits, 0 errors, 0 left on base; Eugene 3 - Athletic Club KC 8
BOTTOM OF THE 7TH
Athletic Club KC U-24 batting - Pitching for Eugene Vandals : RHP Brian Ricks
Batting: LHB Les Lumsden 0-0: Ball
1-0: Ball
2-0: Ball
3-0: Base on Balls
Batting: RHB Ryan Conley 0-0: Grounds into double play, 6-4-3 (Groundball, 6, EV 108.1 MPH)
Batting: RHB Tony Rivera 0-0: Ball
1-0: Swinging Strike
1-1: Called Strike
1-2: Ball
2-2: Ball
3-2: Base on Balls
Batting: RHB David Richardson 0-0: Ball
1-0: Foul Ball, location: 2F
1-1: Called Strike
1-2: Strikes out swinging
Bottom of the 7th over - 0 runs, 0 hits, 0 errors, 1 left on base; Eugene 3 - Athletic Club KC 8
TOP OF THE 8TH
Eugene Vandals batting - Pitching for Athletic Club KC U-24 : RHP Harry Miller
Batting: RHB Harris Hunt 0-0: Called Strike
0-1: Ball
1-1: SINGLE (Line Drive, 3D, EV 106.9 MPH)
Batting: LHB Joaquín Díaz 0-0: Swinging Strike
0-1: Fielders Choice at 2nd, 4-6 (Groundball, 4, EV 101.2 MPH)
Batting: SHB Tony Marino 0-0: Called Strike
0-1: Foul Ball, location: 2F
0-2: DOUBLE (Line Drive, 78D, EV 106.9 MPH)
Joaquín Díaz to third
Runner from 3rd tries for Home, SAFE, throw by LF to home
Batting: RHB Bryan McLehose 0-0: Called Strike
0-1: Ball
1-1: Swinging Strike
1-2: SINGLE (Flyball, 7, EV 78.1 MPH) - OUT at second base trying to stretch hit.
Tony Marino scores
Batting: RHB Arturo Medina 0-0: Ball
1-0: Called Strike
1-1: Foul Ball, location: 2F
1-2: Fly out, F7 (Flyball, 7S, EV 83.1 MPH)
Top of the 8th over - 2 runs, 3 hits, 0 errors, 0 left on base; Eugene 5 - Athletic Club KC 8
BOTTOM OF THE 8TH
Athletic Club KC U-24 batting - Pitching for Eugene Vandals : RHP Brian Ricks
Pitching: RHP Sjaak Kiene
Batting: RHB Seung-jun Yi 0-0: Ball
1-0: Called Strike
1-1: Called Strike
1-2: Ball
2-2: Foul Ball, location: 2F
2-2: Foul Ball, location: 2F
2-2: Ball
3-2: Foul Ball, location: 2F
3-2: Base on Balls
Batting: RHB Pedro Gallegos 0-0: Called Strike
0-1: Sac Bunt to 15S - play at first, batter OUT! 1-3
Seung-jun Yi to second
Batting: RHB José Reyes 0-0: Ball
1-0: Ball
2-0: Swinging Strike
2-1: Swinging Strike
2-2: Ball
3-2: Strikes out swinging
Batting: LHB Scott Powell 0-0: SINGLE (Line Drive, 8LS, EV 92.5 MPH)
Seung-jun Yi to third
Runner from 3rd tries for Home, SAFE, throw by CF to home
Scott Powell to second
Batting: RHB Jejomar Catiel 0-0: Ball
1-0: Foul Ball, location: 2F
1-1: Called Strike
1-2: Foul Ball, location: 2F
1-2: Foul Ball, location: 2F
1-2: SINGLE (Flyball, 89S, EV 94.4 MPH)
Scott Powell to third
Batting: LHB Les Lumsden 0-0: Ball
1-0: Ball
2-0: Foul Ball, location: 2F
2-1: Ball
3-1: Base on Balls
Jejomar Catiel to second
Batting: RHB Ryan Conley 0-0: Called Strike
0-1: Ball
1-1: Ball
2-1: Foul Ball, location: 2F
2-2: Fly out, F4 (Popup, 4S, EV 81.9 MPH)
Bottom of the 8th over - 1 run, 2 hits, 0 errors, 3 left on base; Eugene 5 - Athletic Club KC 9
TOP OF THE 9TH
Eugene Vandals batting - Pitching for Athletic Club KC U-24 : RHP Harry Miller
Batting: RHB Armando Ramírez 0-0: Ball
1-0: Ball
2-0: Called Strike
2-1: Swinging Strike
2-2: Ball
3-2: Base on Balls
Batting: SHB Christian Holt 0-0: Swinging Strike
0-1: Ball
1-1: Fly out, F7 (Line Drive, 7, EV 100.6 MPH)
Batting: RHB Jung-heum Kim 0-0: Ball
1-0: Called Strike
1-1: Foul Ball, location: 2F
1-2: Foul Ball, location: 2F
1-2: Fly out, F7 (Flyball, 7D, EV 94.4 MPH)
Pitching: RHP Jack Price
Batting: LHB Jody Anderson 0-0: Foul Ball, location: 2F
0-1: 2-RUN HOME RUN (Flyball, 9D, EV 95.6 MPH), Distance : 376 ft
Pitching: RHP Ricardo Sandoval
Now at C: Ivano Di Giacobbe
Now at 1B: Wes Nichols
Now in RF: Vladsislas Lyushkov
Batting: RHB Harris Hunt 0-0: Ball
1-0: SINGLE (Groundball, 6MD, EV 97.5 MPH)
Batting: LHB Joaquín Díaz 0-0: Ball
1-0: Called Strike
1-1: Foul Ball, location: 2F
1-2: Strikes out swinging
Top of the 9th over - 2 runs, 2 hits, 0 errors, 1 left on base; Eugene 7 - Athletic Club KC 9
Friday, March 31st , 2023 - OOTP Baseball 23.10 Build 110